Workbook

Sheet Panel
B2: PLANTILLA EXCEL INVERSIONES
C4: Aportaciones: | E4: Retiros: | G4: Resultado total: | I4: Saldo total: | K4: GANANCIA NETA (Resultados - gastos fijos) | N4: =N20-L20 -> 2619
C5: =D17 -> 8650 | E5: =E17 -> 1600 | G5: =F17 -> 2763 | I5: =G17 -> 9813
B7: Seguimiento por plataforma | K7: Gastos fijos mensuales | M7: Resultados mensuales
B8: Nº | C8: Plataforma | D8: Total aportado | E8: Total retirado | F8: Resultado (P/L) | G8: Saldo | H8: Ajuste | K8: 46023 | L8: 12 | M8: 46023 | N8: =SUMIFS(Movimientos!$D$4:$D$103,Movimientos!$C$4:$C$103,"Resultado",Movimientos!$E$4:$E$103,K8) -> -59
B9: 1 | C9: Broker Horizonte | D9: =SUMIFS(Movimientos!$D$4:$D$103,Movimientos!$B$4:$B$103,$C9,Movimientos!$C$4:$C$103,"Aportación") -> 1500 | E9: =SUMIFS(Movimientos!$D$4:$D$103,Movimientos!$B$4:$B$103,$C9,Movimientos!$C$4:$C$103,"Retiro") -> 500 | F9: =SUMIFS(Movimientos!$D$4:$D$103,Movimientos!$B$4:$B$103,$C9,Movimientos!$C$4:$C$103,"Resultado") -> 148 | G9: =D9-E9+F9+H9 -> 1148 | H9: 0 | K9: 46054 | L9: 12 | M9: 46054 | N9: =SUMIFS(Movimientos!$D$4:$D$103,Movimientos!$C$4:$C$103,"Resultado",Movimientos!$E$4:$E$103,K9) -> -22
B10: 2 | C10: Exchange Lumen | D10: =SUMIFS(Movimientos!$D$4:$D$103,Movimientos!$B$4:$B$103,$C10,Movimientos!$C$4:$C$103,"Aportación") -> 1200 | E10: =SUMIFS(Movimientos!$D$4:$D$103,Movimientos!$B$4:$B$103,$C10,Movimientos!$C$4:$C$103,"Retiro") -> 600 | F10: =SUMIFS(Movimientos!$D$4:$D$103,Movimientos!$B$4:$B$103,$C10,Movimientos!$C$4:$C$103,"Resultado") -> 1186 | G10: =D10-E10+F10+H10 -> 1786 | H10: 0 | K10: 46082 | L10: 12 | M10: 46082 | N10: =SUMIFS(Movimientos!$D$4:$D$103,Movimientos!$C$4:$C$103,"Resultado",Movimientos!$E$4:$E$103,K10) -> 509
B11: 3 | C11: Fondo Brújula | D11: =SUMIFS(Movimientos!$D$4:$D$103,Movimientos!$B$4:$B$103,$C11,Movimientos!$C$4:$C$103,"Aportación") -> 1500 | E11: =SUMIFS(Movimientos!$D$4:$D$103,Movimientos!$B$4:$B$103,$C11,Movimientos!$C$4:$C$103,"Retiro") -> 200 | F11: =SUMIFS(Movimientos!$D$4:$D$103,Movimientos!$B$4:$B$103,$C11,Movimientos!$C$4:$C$103,"Resultado") -> 42 | G11: =D11-E11+F11+H11 -> 1342 | H11: 0 | K11: 46113 | L11: 12 | M11: 46113 | N11: =SUMIFS(Movimientos!$D$4:$D$103,Movimientos!$C$4:$C$103,"Resultado",Movimientos!$E$4:$E$103,K11) -> 149
B12: 4 | C12: Cartera Ícaro | D12: =SUMIFS(Movimientos!$D$4:$D$103,Movimientos!$B$4:$B$103,$C12,Movimientos!$C$4:$C$103,"Aportación") -> 600 | E12: =SUMIFS(Movimientos!$D$4:$D$103,Movimientos!$B$4:$B$103,$C12,Movimientos!$C$4:$C$103,"Retiro") -> 0 | F12: =SUMIFS(Movimientos!$D$4:$D$103,Movimientos!$B$4:$B$103,$C12,Movimientos!$C$4:$C$103,"Resultado") -> 97 | G12: =D12-E12+F12+H12 -> 697 | H12: 0 | K12: 46143 | L12: 12 | M12: 46143 | N12: =SUMIFS(Movimientos!$D$4:$D$103,Movimientos!$C$4:$C$103,"Resultado",Movimientos!$E$4:$E$103,K12) -> 170
B13: 5 | C13: Cuenta Delta | D13: =SUMIFS(Movimientos!$D$4:$D$103,Movimientos!$B$4:$B$103,$C13,Movimientos!$C$4:$C$103,"Aportación") -> 900 | E13: =SUMIFS(Movimientos!$D$4:$D$103,Movimientos!$B$4:$B$103,$C13,Movimientos!$C$4:$C$103,"Retiro") -> 0 | F13: =SUMIFS(Movimientos!$D$4:$D$103,Movimientos!$B$4:$B$103,$C13,Movimientos!$C$4:$C$103,"Resultado") -> 617 | G13: =D13-E13+F13+H13 -> 1517 | H13: 0 | K13: 46174 | L13: 12 | M13: 46174 | N13: =SUMIFS(Movimientos!$D$4:$D$103,Movimientos!$C$4:$C$103,"Resultado",Movimientos!$E$4:$E$103,K13) -> 239
B14: 6 | C14: Plan Index Sierra | D14: =SUMIFS(Movimientos!$D$4:$D$103,Movimientos!$B$4:$B$103,$C14,Movimientos!$C$4:$C$103,"Aportación") -> 1600 | E14: =SUMIFS(Movimientos!$D$4:$D$103,Movimientos!$B$4:$B$103,$C14,Movimientos!$C$4:$C$103,"Retiro") -> 0 | F14: =SUMIFS(Movimientos!$D$4:$D$103,Movimientos!$B$4:$B$103,$C14,Movimientos!$C$4:$C$103,"Resultado") -> 218 | G14: =D14-E14+F14+H14 -> 1818 | H14: 0 | K14: 46204 | L14: 12 | M14: 46204 | N14: =SUMIFS(Movimientos!$D$4:$D$103,Movimientos!$C$4:$C$103,"Resultado",Movimientos!$E$4:$E$103,K14) -> 41
B15: 7 | C15: Wallet Aurora | D15: =SUMIFS(Movimientos!$D$4:$D$103,Movimientos!$B$4:$B$103,$C15,Movimientos!$C$4:$C$103,"Aportación") -> 650 | E15: =SUMIFS(Movimientos!$D$4:$D$103,Movimientos!$B$4:$B$103,$C15,Movimientos!$C$4:$C$103,"Retiro") -> 0 | F15: =SUMIFS(Movimientos!$D$4:$D$103,Movimientos!$B$4:$B$103,$C15,Movimientos!$C$4:$C$103,"Resultado") -> -45 | G15: =D15-E15+F15+H15 -> 605 | H15: 0 | K15: 46235 | L15: 12 | M15: 46235 | N15: =SUMIFS(Movimientos!$D$4:$D$103,Movimientos!$C$4:$C$103,"Resultado",Movimientos!$E$4:$E$103,K15) -> 586
B16: 8 | C16: Broker Marfil | D16: =SUMIFS(Movimientos!$D$4:$D$103,Movimientos!$B$4:$B$103,$C16,Movimientos!$C$4:$C$103,"Aportación") -> 700 | E16: =SUMIFS(Movimientos!$D$4:$D$103,Movimientos!$B$4:$B$103,$C16,Movimientos!$C$4:$C$103,"Retiro") -> 300 | F16: =SUMIFS(Movimientos!$D$4:$D$103,Movimientos!$B$4:$B$103,$C16,Movimientos!$C$4:$C$103,"Resultado") -> 500 | G16: =D16-E16+F16+H16 -> 900 | H16: 0 | K16: 46266 | L16: 12 | M16: 46266 | N16: =SUMIFS(Movimientos!$D$4:$D$103,Movimientos!$C$4:$C$103,"Resultado",Movimientos!$E$4:$E$103,K16) -> 315
C17: Totales | D17: =SUM(D9:D16) -> 8650 | E17: =SUM(E9:E16) -> 1600 | F17: =SUM(F9:F16) -> 2763 | G17: =SUM(G9:G16) -> 9813 | H17: =SUM(H9:H16) -> 0 | K17: 46296 | L17: 12 | M17: 46296 | N17: =SUMIFS(Movimientos!$D$4:$D$103,Movimientos!$C$4:$C$103,"Resultado",Movimientos!$E$4:$E$103,K17) -> 422
K18: 46327 | L18: 12 | M18: 46327 | N18: =SUMIFS(Movimientos!$D$4:$D$103,Movimientos!$C$4:$C$103,"Resultado",Movimientos!$E$4:$E$103,K18) -> 424
K19: 46357 | L19: 12 | M19: 46357 | N19: =SUMIFS(Movimientos!$D$4:$D$103,Movimientos!$C$4:$C$103,"Resultado",Movimientos!$E$4:$E$103,K19) -> -11
K20: Coste total: | L20: =SUM(L8:L19) -> 144 | M20: Total resultados: | N20: =SUM(N8:N19) -> 2763
B22: Notas rápidas:
B23: 1) Introduce depósitos/retiros/resultados en la hoja 'Movimientos'.
B24: 2) Ajuste (columna H) sirve para cuadrar saldos si hay redondeos o apuntes fuera del Excel.
B25: 3) Gastos fijos mensuales (columna L) son costes externos (suscripciones, datos, etc.).

Sheet Movimientos
A1: Movimientos (añade filas aquí; el Panel se actualiza solo)
A3: Fecha | B3: Plataforma | C3: Tipo | D3: Importe | E3: Mes | F3: Nota
A4: 46027 | B4: Broker Horizonte | C4: Aportación | D4: 1200 | E4: =IF(A4="","",DATE(YEAR(A4),MONTH(A4),1)) -> 46023 | F4: Aporte inicial
A5: 46027 | B5: Exchange Lumen | C5: Aportación | D5: 800 | E5: =IF(A5="","",DATE(YEAR(A5),MONTH(A5),1)) -> 46023 | F5: Aporte inicial
A6: 46027 | B6: Fondo Brújula | C6: Aportación | D6: 1500 | E6: =IF(A6="","",DATE(YEAR(A6),MONTH(A6),1)) -> 46023 | F6: Aporte inicial
A7: 46027 | B7: Cartera Ícaro | C7: Aportación | D7: 600 | E7: =IF(A7="","",DATE(YEAR(A7),MONTH(A7),1)) -> 46023 | F7: Aporte inicial
A8: 46027 | B8: Cuenta Delta | C8: Aportación | D8: 900 | E8: =IF(A8="","",DATE(YEAR(A8),MONTH(A8),1)) -> 46023 | F8: Aporte inicial
A9: 46027 | B9: Plan Index Sierra | C9: Aportación | D9: 1100 | E9: =IF(A9="","",DATE(YEAR(A9),MONTH(A9),1)) -> 46023 | F9: Aporte inicial
A10: 46027 | B10: Wallet Aurora | C10: Aportación | D10: 400 | E10: =IF(A10="","",DATE(YEAR(A10),MONTH(A10),1)) -> 46023 | F10: Aporte inicial
A11: 46027 | B11: Broker Marfil | C11: Aportación | D11: 700 | E11: =IF(A11="","",DATE(YEAR(A11),MONTH(A11),1)) -> 46023 | F11: Aporte inicial
A12: 46036 | B12: Plan Index Sierra | C12: Resultado | D12: -43 | E12: =IF(A12="","",DATE(YEAR(A12),MONTH(A12),1)) -> 46023 | F12: Cierre del mes / ajuste de valoración
A13: 46041 | B13: Broker Horizonte | C13: Resultado | D13: -83 | E13: =IF(A13="","",DATE(YEAR(A13),MONTH(A13),1)) -> 46023 | F13: Cierre del mes / ajuste de valoración
A14: 46042 | B14: Exchange Lumen | C14: Resultado | D14: 67 | E14: =IF(A14="","",DATE(YEAR(A14),MONTH(A14),1)) -> 46023 | F14: Cierre del mes / ajuste de valoración
A15: 46061 | B15: Broker Horizonte | C15: Resultado | D15: 139 | E15: =IF(A15="","",DATE(YEAR(A15),MONTH(A15),1)) -> 46054 | F15: Cierre del mes / ajuste de valoración
... A55: 46377 | B55: Plan Index Sierra | C55: Resultado | D55: -34 | E55: =IF(A55="","",DATE(YEAR(A55),MONTH(A55),1)) -> 46357 | F55: Cierre del mes / ajuste de valoración
E56: =IF(A56="","",DATE(YEAR(A56),MONTH(A56),1))
E57: =IF(A57="","",DATE(YEAR(A57),MONTH(A57),1))
E58: =IF(A58="","",DATE(YEAR(A58),MONTH(A58),1))
E59: =IF(A59="","",DATE(YEAR(A59),MONTH(A59),1))
E60: =IF(A60="","",DATE(YEAR(A60),MONTH(A60),1))
E61: =IF(A61="","",DATE(YEAR(A61),MONTH(A61),1))
E62: =IF(A62="","",DATE(YEAR(A62),MONTH(A62),1))
E63: =IF(A63="","",DATE(YEAR(A63),MONTH(A63),1))
E64: =IF(A64="","",DATE(YEAR(A64),MONTH(A64),1))
E65: =IF(A65="","",DATE(YEAR(A65),MONTH(A65),1))
E66: =IF(A66="","",DATE(YEAR(A66),MONTH(A66),1))
E67: =IF(A67="","",DATE(YEAR(A67),MONTH(A67),1))
... E103: =IF(A103="","",DATE(YEAR(A103),MONTH(A103),1))
